 Dungeon Crawl Stone Soup version 0.29-a0-813-g4a14ea37d6 (webtiles) character file.

Game seed: 733976164326756594

22 polve the Chopper (level 2, -6/22 HPs)
             Began as a Demonspawn Gladiator on July 4, 2022.
             Was a Follower of Cheibriados.
             Mangled by Sigmund
             ... wielding a +3 scythe of freezing
              (8 damage)
             ... on level 2 of the Dungeon.
             The game lasted 00:00:56 (1542 turns).

polve the Chopper (Demonspawn Gladiator)            Turns: 1542, Time: 00:00:56

Health: -6/22      AC: 11    Str: 17    XL:     2   Next: 68%
Magic:  2/2        EV:  5    Int: 12    God:    Cheibriados [*.....]
Gold:   45         SH:  0    Dex: 17    Spells: 1/1 levels left

rFire   . . .      SeeInvis .   a - +0 war axe
rCold   . . .      Faith    .   (no shield)
rNeg    . . .      Spirit   .   k - +0 plate armour
rPois   .          Reflect  .   c - +0 helmet
rElec   .          Harm     .   (no cloak)
rCorr   .          Rampage  .   (no gloves)
Will    .....                   (no boots)
Stlth   ..........              (no amulet)
HPRegen 0.07/turn               (no ring)
MPRegen 0.08/turn               (no ring)

@: confused, very slow
A: foul stench 1
a: Renounce Religion, Bend Time


You were on level 2 of the Dungeon.
You worshipped Cheibriados.
Cheibriados was aware of your devotion.
You visited 1 branch of the dungeon, and saw 2 of its levels.

You collected 45 gold pieces.

Inventory:

Hand Weapons
 a - a +0 war axe (weapon)
Missiles
 d - 3 throwing nets (quivered)
 e - a javelin
Armour
 c - a +0 helmet (worn)
 k - a +0 plate armour (worn)
Scrolls
 b - a scroll of enchant armour {unknown}
 g - a scroll of torment {unknown}
 h - 3 scrolls of identify {unknown}
 i - 2 scrolls of vulnerability {unknown}
 l - a scroll of noise {unknown}
 m - a scroll of amnesia {unknown}
Potions
 f - a potion of mutation {unknown}
 j - a potion of might {unknown}
 n - a potion of curing {unknown}


   Skills:
 - Level 2.0 Fighting
 + Level 3.5 Axes
 - Level 1.7 Throwing
 + Level 0.4 Armour
 - Level 2.6 Dodging


You had one spell level left.
You didn't know any spells.
Your spell library contained the following spells:

 Spells                   Type           Power      Damage    Failure   Level
 Summon Small Mammal      Summ           0%         N/A       100%        1
 Call Canine Familiar     Summ           0%         N/A       100%        3
 Summon Guardian Golem    Hex/Summ       0%         N/A       100%        3


Dungeon Overview and Level Annotations

Branches:
Dungeon (2/15)

Altars:
Cheibriados

Annotations:
D:2 Sigmund


Innate Abilities, Weirdness & Mutations

You may rarely emit foul miasma when damaged in melee.


Message History

The puff of flame hits you but does no damage.
You hit Sigmund.
Sigmund is heavily wounded.
Sigmund hits you but does no damage.
You closely miss Sigmund.
Sigmund is heavily wounded.
Sigmund hits you with a +3 scythe of freezing.
Sigmund freezes you.
You barely miss Sigmund.
Sigmund is heavily wounded.
You barely miss Sigmund.
Sigmund is heavily wounded.
Sigmund barely misses you.
You barely miss Sigmund.
Sigmund is heavily wounded.
Sigmund casts a spell at you. The puff of flame misses you.
Sigmund hits you but does no damage.
You hit Sigmund.
Sigmund is severely wounded.
You hit Sigmund.
Sigmund is almost dead.
Sigmund points at you and mumbles some strange words.
You resist with significant effort.
Sigmund points at you and mumbles some strange words.
You are confused.
You're too confused to move!
Sigmund points at you and mumbles some strange words.
You are more confused.
You completely miss Sigmund.
Sigmund is almost dead.
Sigmund gestures wildly while chanting.
Sigmund flickers and vanishes!
Deactivating autopickup; reactivate with Ctrl-A.
Something hits you. Something freezes you.
You bump into the rock wall.
Something hits you!
* * * LOW HITPOINT WARNING * * *
Something freezes you.
* * * LOW HITPOINT WARNING * * *
You're too confused to move!
Something hits you!
You die...

####..... #.......
......## .....<
..####...#######
................
#..{###...
..####$..#.#.###
#......@.......
#.#####.#.#.###
..........#.#
##.####.###.# #.# #.#
#.###########.###.#
#.................#######
#############.###.......#
#.# #.......#


There were no monsters in sight!

Vanquished Creatures
  2 bats (D:1)
  An endoplasm (D:2)
  A giant cockroach (D:1)
  3 goblins (D:1)
  2 hobgoblins
  A kobold (D:1)
  2 quokkas (D:1)
  A ball python (D:1)
  3 frilled lizards
  5 rats
21 creatures vanquished.

Notes
Turn   | Place    | Note
-------+----------+-------------------------------------------
     0 | D:1      | polve the Demonspawn Gladiator began the quest for the Orb.
     0 | D:1      | Reached XP level 1. HP: 16/16 MP: 1/1
    27 | D:1      | Found a faded altar of an unknown god.
    93 | D:1      | Reached skill level 3 in Axes
   103 | D:1      | Prayed at the altar of an unknown god.
   103 | D:1      | Became a worshipper of Cheibriados the Contemplative
   103 | D:1      | Reached * piety under Cheibriados
   346 | D:1      | Gained mutation: You may rarely emit foul miasma when
                  | damaged in melee. [demonic ancestry]
   346 | D:1      | Reached XP level 2. HP: 20/22 MP: 2/2
   519 | D:1      | HP: 1/22 [rat (1)]
  1524 | D:2      | Noticed Sigmund
  1542 | D:2      | Mangled by Sigmund

Illustrated notes

Levels and vault maps discovered:
D:1:      dpeg_arrival_simpleton_b, layout_rooms, basic_ecumenical_altar
D:2:      layout_basic, serial_shops, shop, uniq_jessica, uniq_sigmund

Skill      XL: |  1 |
---------------+----+-----
Axes           | 3 |  3.5
Fighting       | |  2.0
Throwing       | |  1.7
Armour         | |  0.4
Dodging        | |  2.6

Action                   || total
-------------------------++-------
Melee: War axe           ||    45
Armor: Leather armour    ||    38
       Plate armour      ||    17
Dodge: Dodged            ||    79

Table legend: (Time is in decaauts)
 A = Elapsed time spent in this place.
 B = Non-inter-level travel time spent in this place.
 C = Inter-level travel time spent in this place.
 D = Time resting spent in this place.
 E = Time spent auto-exploring this place.
 F = Levels seen in this place.
 G = Mean time per level.
                   A        B        C        D        E       F      G
               +--------+--------+--------+--------+--------+-----+--------+
         Total |   1804 |   1762 |     42 |      0 |   1407 |   2 |  902.0 |
       Dungeon |   1804 |   1762 |     42 |      0 |   1407 |   2 |  902.0 |
               +--------+--------+--------+--------+--------+-----+--------+

Top non-repeatable levels by time:
     D:1: 1458 daAuts
     D:2: 345 daAuts
